 Dungeon Crawl Stone Soup version 0.29.1-15-g9cfb28693d (webtiles) character file.

Game seed: 6721464267909279559

58 jtron the Chopper (level 4, 0/40 HPs)
             Began as a Hill Orc Monk on Feb 27, 2023.
             Slain by Terence
             ... wielding a +4 short sword of speed
              (6 damage)
             ... on level 2 of the Dungeon.
             The game lasted 00:04:34 (2006 turns).

jtron the Chopper (Hill Orc Monk)                   Turns: 2006, Time: 00:04:35

Health: 0/40       AC:  5    Str: 13    XL:     4   Next: 2%
Magic:  4/4        EV: 12    Int: 10    God:
Gold:   74         SH:  0    Dex: 15    Spells: 3/3 levels left

rFire   . . .      SeeInvis .   a - +0 hand axe
rCold   + . .      Faith    .   (no shield)
rNeg    . . .      Spirit   .   o - +2 leather armour {rC+}
rPois   .          Reflect  .   (no helmet)
rElec   .          Harm     .   (no cloak)
rCorr   .          Rampage  .   (no gloves)
Will    .....                   (no boots)
Stlth   ++........              (no amulet)
HPRegen 0.13/turn               (no ring)
MPRegen 0.09/turn               (no ring)

@: weak-willed, flying
A: no striking features
a: no special abilities


You were on level 2 of the Dungeon.
You visited 1 branch of the dungeon, and saw 2 of its levels.

You collected 74 gold pieces.

Inventory:

Hand Weapons
 a - a +0 hand axe (weapon)
 b - a +0 sling
Missiles
 d - 47 stones (quivered)
Armour
 h - a +0 robe
 o - a +2 leather armour of cold resistance (worn)
Jewellery
 n - a ring of resist corrosion
Scrolls
 e - a scroll of teleportation
 k - a scroll of amnesia
 m - a scroll of fog {unknown}
 q - a scroll of immolation {unknown}
 r - a scroll of fear {unknown}
 t - a scroll of silence {unknown}
Potions
 c - a potion of ambrosia
 f - a potion of brilliance {unknown}
 l - a potion of curing {unknown}
 p - a potion of haste {unknown}
 s - a potion of might {unknown}


   Skills:
 + Level 4.2 Fighting
 + Level 5.2 Axes
 + Level 0.3 Armour
 + Level 2.7 Dodging
 + Level 1.8 Stealth


You had 3 spell levels left.
You didn't know any spells.
Your spell library contained the following spells:

 Spells                   Type           Power      Damage    Failure   Level
 Foxfire                  Conj/Fire      0%         2x1d4     43%         1
 Conjure Flame            Conj/Fire      0%         6-21      82%         3
 Inner Flame              Hex/Fire       0%         N/A       82%         3
 Flame Wave               Conj/Fire      0%         2d4       99%         4


Dungeon Overview and Level Annotations

Branches:
Dungeon (2/15)

Altars:

Annotations:
D:2 Sigmund, Terence


Message History

You hit Terence.
Terence is heavily wounded.
Terence misses you.
Terence hits you with a +4 short sword of speed!
You hit Terence but do no damage.
Terence is heavily wounded.
Terence hits you with a +4 short sword of speed.
You hit Terence.
Terence is severely wounded.
Terence hits you with a +4 short sword of speed.
Terence hits you but does no damage.
You hit Terence but do no damage.
Terence is severely wounded.
Terence closely misses you.
It was a potion of flight.
You feel very buoyant.
You fly up into the air.
Terence hits you with a +4 short sword of speed.
Terence closely misses you.
You hit Terence but do no damage.
Terence is severely wounded.
Terence hits you with a +4 short sword of speed.
You barely miss Terence.
Terence is severely wounded.
Terence misses you. Terence closely misses you.
You hit Terence but do no damage.
Terence is severely wounded.
Terence hits you with a +4 short sword of speed!
* * * LOW HITPOINT WARNING * * *
Terence hits you with a +4 short sword of speed.
* * * LOW HITPOINT WARNING * * *
You hit Terence.
Terence is almost dead.
Terence barely misses you.
You hit Terence but do no damage.
Terence is almost dead.
Terence hits you with a +4 short sword of speed.
* * * LOW HITPOINT WARNING * * *
Terence hits you with a +4 short sword of speed.
You die...

#.##### #.#....
r##.... #....#
##....# ..
#.....> .#. ##
###...# .. ..#
####...# #.
#######...#
#......#
###.##..b@@....#
#......#
#........#######
#....###
#........#####
#....#
#..........b.@.
#....#
#...<..........
#....#
#..............
#....#
######+#....[..
#....# #.......
#.......


You could see Terence (weak-willed) and a bat.

Vanquished Creatures
  A worm (D:2)
  2 dart slugs
  7 ball pythons
  2 bats
  3 endoplasms
  A giant cockroach (D:1)
  6 goblins
  5 hobgoblins
  3 jackals (D:1)
  6 kobolds (D:1)
  2 quokkas
  2 frilled lizards (D:1)
  5 rats
45 creatures vanquished.

Notes
Turn   | Place    | Note
-------+----------+-------------------------------------------
     0 | D:1      | jtron the Hill Orc Monk began the quest for the Orb.
     0 | D:1      | Reached XP level 1. HP: 19/19 MP: 1/1
   211 | D:1      | Reached XP level 2. HP: 27/27 MP: 2/2
   660 | D:1      | Reached XP level 3. HP: 29/33 MP: 3/3
  1482 | D:2      | Noticed Sigmund
  1736 | D:2      | Reached skill level 5 in Axes
  1976 | D:2      | Reached XP level 4. HP: 33/40 MP: 4/4
  1981 | D:2      | Noticed Terence
  2006 | D:2      | Slain by Terence

Illustrated notes

Levels and vault maps discovered:
D:1:      amcnicky_arrival_single_pillar, layout_loops_corners, serial_forest,
          infiniplex_forest_clump_small, infiniplex_forest_lined_4_way,
          infiniplex_forest_end_3, infiniplex_forest_corner_2,
          infiniplex_forest_lined_room_2
D:2:      layout_basic, kennysheep_donut, grunt_decor_clamped,
          minmay_pentomino_u4, uniq_sigmund, uniq_terence

Skill      XL: |  1  2  3 |
---------------+----------+-----
Fighting       | 4 |  4.2
Axes           | 5 |  5.2
Armour         | |  0.3
Dodging        | |  2.7
Stealth        | |  1.8

Action                   |  1- 3 |  4- 6 || total
-------------------------+-------+-------++-------
Melee: Hand axe          |   146 |    19 ||   165
 Fire: Sling             |     3 |       ||     3
  Use: Scroll            |     2 |     1 ||     3
       Potion            |       |     2 ||     2
 Stab: Sleeping          |     7 |       ||     7
Armor: Robe              |    17 |       ||    17
       Leather armour    |     7 |     2 ||     9
Dodge: Dodged            |   109 |    11 ||   120
